[Event "58th Akiba Rubinstein D 2022"]
[Site "Polanica-Zdroj"]
[Date "2022.08.13"]
[Round "1.19"]
[White "Boryna, Szymon"]
[Black "Kraczek, Cezary"]
[Result "0-1"]
[ECO "A28"]
[WhiteElo "1434"]
[BlackElo "1657"]
[Annotator "NA RC COMBH"]
[PlyCount "66"]
[EventDate "2022.08.13"]
[EventCountry "POL"]
[SourceTitle "playchess.com"]
[Source "ChessBase"]
[SourceQuality "1"]
[TimeControl "40/5400+30:1800+30"]

1. c4 e5 2. Nc3 Nf6 3. Nf3 Nc6 4. e3 d5 5. cxd5 Nxd5 6. Bb5 Nxc3 7. bxc3 Bd6 8. d4 e4 9. Nd2 Qg5 10. Bxc6+ bxc6 11. Qa4 Bd7 12. Qc2 f5 13. g3 O-O 14. Nc4 Kh8 15. Nxd6 cxd6 16. Ba3 Qf6 17. Rb1 Rab8 18. O-O Rxb1 19. Rxb1 f4 20. exf4 Bg4 21. Rb7 Bf3 22. Qc1 Qe6 23. Qe1 h6 24. Bc1 Qxa2 25. Rc7 Rb8 26. f5 Rb1 27. f6 g5 28. Qf1 Kg8 29. h3 e3 30. f7+ Kf8 31. Rc8+ Kxf7 32. Rc7+ Ke8 33. Qe1 Rxc1 0-1

[Event "58th Akiba Rubinstein D 2022"]
[Site "Polanica-Zdroj"]
[Date "2022.08.13"]
[Round "1.21"]
[White "Juszczak, Milosz"]
[Black "Bialik, Nikodem"]
[Result "1/2-1/2"]
[ECO "A03"]
[WhiteElo "1387"]
[BlackElo "1638"]
[Annotator "NA RC COMBH"]
[PlyCount "127"]
[EventDate "2022.08.13"]
[EventCountry "POL"]
[SourceTitle "playchess.com"]
[Source "ChessBase"]
[SourceQuality "1"]
[TimeControl "40/5400+30:1800+30"]

1. f4 d5 2. d4 Bf5 3. Nf3 e6 4. e3 a6 5. c4 dxc4 6. Bxc4 b5 7. Bd3 Bxd3 8. Qxd3 Nf6 9. Nc3 Be7 10. O-O c5 11. Rd1 O-O 12. d5 exd5 13. Nxd5 Nxd5 14. Qxd5 Qxd5 15. Rxd5 Nc6 16. Ne5 Nxe5 17. Rxe5 Rfe8 18. e4 f6 19. Re6 Kf7 20. Rc6 Rec8 21. Rxc8 Rxc8 22. Be3 Rd8 23. b3 Rd3 24. Kf2 Rc3 25. Rc1 Rxc1 26. Bxc1 Ke6 27. g4 c4 28. bxc4 bxc4 29. h4 Bb4 30. g5 Bc3 31. Ke3 f5 32. h5 g6 33. hxg6 hxg6 34. Ba3 Ba1 35. Bc1 Bc3 36. Ba3 fxe4 37. Kxe4 Bd2 38. Kd4 c3 39. Bb4 Kf5 40. Bxc3 Bxc3+ 41. Kxc3 Kxf4 42. Kb4 Kxg5 43. Ka5 Kf6 44. Kxa6 g5 45. Kb7 g4 46. a4 g3 47. a5 g2 48. a6 g1=Q 49. a7 Qg2+ 50. Kb8 Qg8+ 51. Kb7 Qf7+ 52. Kb8 Qe8+ 53. Kb7 Qd7+ 54. Kb8 Qb5+ 55. Ka8 Qc4 56. Kb7 Qd5+ 57. Kb8 Qg8+ 58. Kb7 Qf7+ 59. Kb8 Qe8+ 60. Kb7 Qd7+ 61. Kb8 Qb5+ 62. Ka8 Qc4 63. Kb7 Qd5+ 64. Kb8 1/2-1/2

[Event "58th Akiba Rubinstein D 2022"]
[Site "Polanica-Zdroj"]
[Date "2022.08.13"]
[Round "1.22"]
[White "Karpinski, Andrzej"]
[Black "Suszczynski, Dominik"]
[Result "1/2-1/2"]
[ECO "C45"]
[WhiteElo "1634"]
[BlackElo "1329"]
[Annotator "NA RC COMBH"]
[PlyCount "68"]
[EventDate "2022.08.13"]
[EventCountry "POL"]
[SourceTitle "playchess.com"]
[Source "ChessBase"]
[SourceQuality "1"]
[TimeControl "40/5400+30:1800+30"]

1. e4 e5 2. Nf3 Nc6 3. d4 exd4 4. Nxd4 Bc5 5. Be3 Qf6 6. c3 Nge7 7. Bc4 O-O 8. O-O a6 9. Nc2 Bxe3 10. Nxe3 d6 11. Nd2 Ng6 12. Nd5 Qd8 13. f4 Na5 14. Kh1 Nxc4 15. Nxc4 f5 16. exf5 Bxf5 17. Nde3 Be4 18. Qd4 d5 19. Nd2 Nxf4 20. Nxe4 dxe4 21. Qxe4 Qg5 22. g3 Nh5 23. Qd5+ Qxd5+ 24. Nxd5 Rxf1+ 25. Rxf1 Re8 26. Kg2 c6 27. Nf4 Nxf4+ 28. Rxf4 Re2+ 29. Rf2 Re5 30. g4 h5 31. Kg3 hxg4 32. Kxg4 Rd5 33. h4 g6 34. a4 a5 1/2-1/2

[Event "58th Akiba Rubinstein D 2022"]
[Site "Polanica-Zdroj"]
[Date "2022.08.13"]
[Round "1.23"]
[White "Wieczorek, Maja"]
[Black "Urbanski, Wojciech"]
[Result "0-1"]
[ECO "A04"]
[WhiteElo "1260"]
[BlackElo "1632"]
[Annotator "NA RC COMBH"]
[PlyCount "64"]
[EventDate "2022.08.13"]
[EventCountry "POL"]
[SourceTitle "playchess.com"]
[Source "ChessBase"]
[SourceQuality "1"]
[TimeControl "40/5400+30:1800+30"]

1. Nf3 c5 2. g3 Nf6 3. Bg2 d6 4. d3 e6 5. O-O Be7 6. e4 Nbd7 7. Nc3 a6 8. a4 O-O 9. Nh4 Ne8 10. Nf3 b6 11. Ne1 Bb7 12. f4 Nc7 13. Qg4 Nf6 14. Qe2 b5 15. e5 Nfd5 16. Ne4 b4 17. c4 bxc3 18. bxc3 f5 19. exf6 gxf6 20. Bb2 f5 21. c4 Nb4 22. Nd2 Rb8 23. Ndf3 Re8 24. h4 Bf6 25. d4 Be4 26. Ng5 Bxg2 27. Qxg2 cxd4 28. Qe2 h6 29. Ngf3 e5 30. Qg2 Nc6 31. h5 Kh8 32. fxe5 dxe5 0-1

[Event "58th Akiba Rubinstein D 2022"]
[Site "Polanica-Zdroj"]
[Date "2022.08.13"]
[Round "1.24"]
[White "Stepinski, Piotr"]
[Black "Misiek, Stanislaw"]
[Result "1/2-1/2"]
[ECO "C55"]
[WhiteElo "1568"]
[BlackElo "1427"]
[Annotator "NA RC COMBH"]
[PlyCount "96"]
[EventDate "2022.08.13"]
[EventCountry "POL"]
[SourceTitle "playchess.com"]
[Source "ChessBase"]
[SourceQuality "1"]
[TimeControl "40/5400+30:1800+30"]

1. e4 e5 2. Nf3 Nc6 3. d4 exd4 4. Bc4 Nf6 5. e5 Ne4 6. Bd5 Nc5 7. O-O Ne6 8. Nbd2 Be7 9. Nb3 O-O 10. Nbxd4 Nexd4 11. Nxd4 Nxe5 12. Bf4 Ng6 13. Bg3 c6 14. Bb3 d5 15. c3 Bd6 16. Re1 Bxg3 17. hxg3 Bd7 18. Qd2 Qc7 19. Re3 Rae8 20. Rae1 Rxe3 21. Rxe3 Re8 22. Rxe8+ Bxe8 23. Nf3 Qe7 24. Bc2 f6 25. Kf1 Qc5 26. Qe2 Bf7 27. Bxg6 hxg6 28. Nd4 Qc4 29. Qxc4 dxc4 30. Ke2 Bd5 31. f3 Kf7 32. Ke3 Ke7 33. Ne2 Kd6 34. Kd4 a5 35. Nf4 Bf7 36. Nh3 b5 37. a3 c5+ 38. Ke3 b4 39. Nf2 Kc6 40. axb4 cxb4 41. Kd4 Kb5 42. Ne4 bxc3 43. Kxc3 Kc6 44. Nd2 g5 45. Nxc4 Bxc4 46. Kxc4 f5 47. Kb3 Kb5 48. Ka3 g4 1/2-1/2

[Event "58th Akiba Rubinstein D 2022"]
[Site "Polanica-Zdroj"]
[Date "2022.08.14"]
[Round "2.1"]
[White "Serewa, Antoni"]
[Black "Owoc, Jakub"]
[Result "1/2-1/2"]
[ECO "E61"]
[WhiteElo "1542"]
[BlackElo "1756"]
[Annotator "NA RC"]
[PlyCount "95"]
[EventDate "2022.08.13"]
[EventCountry "POL"]
[SourceTitle "playchess.com"]
[Source "ChessBase"]
[SourceQuality "1"]
[TimeControl "40/5400+30:1800+30"]

1. d4 Nf6 2. c4 g6 3. Nc3 Bg7 4. Nf3 O-O 5. Bg5 h6 6. Bh4 c5 7. e3 cxd4 8. exd4 d6 9. Be2 Nbd7 10. O-O g5 11. Bg3 Nh5 12. Qd2 Nxg3 13. hxg3 Nf6 14. d5 Bd7 15. Rac1 Qb6 16. Rfd1 Ng4 17. Nd4 Rac8 18. b3 a6 19. Bf3 Ne5 20. Be4 f5 21. Bb1 Ng4 22. f3 Qxd4+ 23. Qxd4 Bxd4+ 24. Rxd4 Ne5 25. Rdd1 b5 26. cxb5 axb5 27. Ne2 Kg7 28. Rxc8 Rxc8 29. Rc1 Rc5 30. Rd1 Kf6 31. b4 Rc4 32. Rd4 Rc7 33. Kf2 Ra7 34. Ke1 Nc4 35. Nc3 Ra3 36. Rd3 Ke5 37. Bc2 f4 38. gxf4+ gxf4 39. Bb3 Ne3 40. Kf2 Nf5 41. Ne2 Ra8 42. Rd1 Rg8 43. Re1 Nh4 44. g3 fxg3+ 45. Nxg3+ Kf6 46. Rh1 Ng6 47. Rxh6 Ke5 48. Rh1 1/2-1/2

[Event "58th Akiba Rubinstein D 2022"]
[Site "Polanica-Zdroj"]
[Date "2022.08.14"]
[Round "2.2"]
[White "Perek, Oskar"]
[Black "Penza, Denis"]
[Result "1/2-1/2"]
[ECO "C01"]
[WhiteElo "1555"]
[BlackElo "1836"]
[Annotator "NA RC"]
[PlyCount "37"]
[EventDate "2022.08.13"]
[EventCountry "POL"]
[SourceTitle "playchess.com"]
[Source "ChessBase"]
[SourceQuality "1"]
[TimeControl "40/5400+30:1800+30"]

1. e4 e6 2. d4 d5 3. exd5 exd5 4. Nf3 Nf6 5. Bd3 Bd6 6. Bg5 O-O 7. O-O Bg4 8. Nbd2 Nbd7 9. c3 c5 10. dxc5 Nxc5 11. Bc2 Ne6 12. Bh4 Nf4 13. Bb3 Bc5 14. Qc2 Qd6 15. Rad1 Bh5 16. Nc4 Qa6 17. Nce5 Rfe8 18. Rfe1 Bxf3 (18... Bd6 $142 19. Qf5 Bxe5 20. Rxe5 Rxe5 21. Qxe5 Ng6) 19. Nxf3 $15 (19. gxf3 $11 Rad8 20. Qf5) 1/2-1/2

[Event "58th Akiba Rubinstein D 2022"]
[Site "Polanica-Zdroj"]
[Date "2022.08.14"]
[Round "2.3"]
[White "Sola, Wojciech"]
[Black "Bednarkiewicz, Jakub"]
[Result "1/2-1/2"]
[ECO "A16"]
[WhiteElo "1780"]
[BlackElo "1545"]
[Annotator "NA RC"]
[PlyCount "94"]
[EventDate "2022.08.13"]
[EventCountry "POL"]
[SourceTitle "playchess.com"]
[Source "ChessBase"]
[SourceQuality "1"]
[TimeControl "40/5400+30:1800+30"]

1. c4 Nf6 2. Nc3 Nc6 3. Nf3 e5 4. d4 exd4 5. Nxd4 Bb4 6. Nxc6 Bxc3+ 7. bxc3 bxc6 8. Bg5 Qe7 9. e3 Qe5 10. Bxf6 Qxf6 11. Qd4 Ke7 12. Bd3 Rb8 13. c5 Qxd4 14. cxd4 d6 15. cxd6+ cxd6 16. O-O Be6 17. Rfc1 Rb6 18. Kf1 Rc8 19. Rc2 c5 20. dxc5 dxc5 21. Rac1 c4 22. Be4 Rcb8 23. Ke1 Kd6 24. f4 f5 25. Bf3 Rb1 26. Kd2 Rxc1 27. Kxc1 Kc5 28. h3 Rd8 29. Be2 Kb4 30. g4 c3 31. a3+ Kxa3 32. Rxc3+ Kb4 33. Rc6 Rc8 34. Rxc8 Bxc8 35. Kb2 a5 36. Bd3 fxg4 37. hxg4 Bxg4 38. Bxh7 Be6 39. f5 Bd5 40. e4 Bf7 41. e5 Kc5 42. e6 Be8 43. Bg8 Kd6 44. Kc3 Ke7 45. Kc4 Kf6 46. Bh7 Ke5 47. Kb3 Kf6 1/2-1/2

[Event "58th Akiba Rubinstein D 2022"]
[Site "Polanica-Zdroj"]
[Date "2022.08.14"]
[Round "2.4"]
[White "Nowicki, Bartosz"]
[Black "Kryzia, Wiktor"]
[Result "1/2-1/2"]
[ECO "B35"]
[WhiteElo "2291"]
[BlackElo "1764"]
[Annotator "TA"]
[PlyCount "38"]
[EventDate "2022.08.13"]
[EventCountry "POL"]
[SourceTitle "playchess.com"]
[Source "ChessBase"]
[SourceQuality "1"]
[TimeControl "40/5400+30:1800+30"]

1. e4 c5 2. Nf3 Nc6 3. d4 cxd4 4. Nxd4 g6 5. Nc3 Bg7 6. Be3 Nf6 7. Bc4 O-O 8. Bb3 d6 9. f3 Bd7 10. Qd2 Na5 11. O-O Nxb3 12. axb3 a6 13. Nd5 {[%emt 0:06:11] [#] B77: Sicilian Dragon: Yugoslav Attack, 9 Bc4 sidelines.} e6 $146 ({Predecessor:} 13... Nxd5 14. exd5 e5 15. dxe6 Bxe6 16. c4 Re8 17. Bf2 Qc7 18. Rfc1 Rac8 19. Nxe6 Rxe6 20. b4 Qe7 {½-½ (33) Vollmer,S (1784)-Trigance,E (1783) FICGS email 2019}) 14. Nxf6+ Qxf6 15. Rad1 {[%emt 0:03:00] White is slightly better.} d5 16. Bg5 Qe5 17. Bf4 Qf6 {[%emt 0:01:09] [#] ...e5 is the strong threat.} 18. Bg5 Qe5 19. Bf4 Qf6 {[%emt 0:00:08] Not much happened in this game.  Weighted Error Value: White=0.10 (very precise) /Black=0.09 (flawless)} 1/2-1/2

[Event "58th Akiba Rubinstein D 2022"]
[Site "Polanica-Zdroj"]
[Date "2022.08.14"]
[Round "2.5"]
[White "Wilgosz, Szczepan"]
[Black "Straszewski, Tomasz"]
[Result "0-1"]
[ECO "C63"]
[WhiteElo "1530"]
[BlackElo "1716"]
[Annotator "NA RC"]
[PlyCount "120"]
[EventDate "2022.08.13"]
[EventCountry "POL"]
[SourceTitle "playchess.com"]
[Source "ChessBase"]
[SourceQuality "1"]
[TimeControl "40/5400+30:1800+30"]

1. e4 e5 2. Nf3 Nc6 3. Bb5 f5 4. d3 Nf6 5. O-O Bc5 6. exf5 O-O 7. Nc3 d6 8. Ne4 Bb6 9. Bxc6 bxc6 10. Ng3 Nd5 11. Bg5 Qe8 12. d4 Bxf5 13. Re1 Bg4 14. Re4 Bxf3 15. gxf3 Qg6 16. Be3 Nxe3 17. fxe3 exd4 18. exd4 d5 19. Re5 Qf6 20. Kg2 Rae8 21. Qe2 Rxe5 22. dxe5 Qe6 23. Rf1 Rf4 24. Kh1 Bd4 25. c3 Bc5 26. Re1 g6 27. Qg2 Be7 28. Re3 Bg5 29. Ne2 Rg4 30. Qxg4 Qxg4 31. fxg4 Bxe3 32. Nd4 Bxd4 33. cxd4 c5 34. dxc5 Kf7 35. Kg2 Ke6 36. Kf3 Kxe5 37. Ke3 a5 38. b3 d4+ 39. Kd3 Kd5 40. c6 g5 41. a3 Kc5 42. b4+ axb4 43. axb4+ Kxb4 44. Kxd4 Kb5 45. Kd5 Kb6 46. Ke5 Kxc6 47. Kf6 Kd5 48. Kxg5 c5 49. Kh6 c4 50. Kxh7 c3 51. g5 c2 52. g6 c1=Q 53. g7 Qc2+ 54. Kg8 Qxh2 55. Kf7 Qf4+ 56. Kg6 Qg4+ 57. Kf7 Qe6+ 58. Kf8 Kd6 59. g8=N Qg6 60. Ne7 Qf6+ 0-1

[Event "58th Akiba Rubinstein D 2022"]
[Site "Polanica-Zdroj"]
[Date "2022.08.14"]
[Round "2.6"]
[White "Latacz, Grzegorz"]
[Black "Pieczulis, Blazej"]
[Result "1/2-1/2"]
[ECO "A80"]
[WhiteElo "1449"]
[BlackElo "1720"]
[Annotator "NA RC"]
[PlyCount "68"]
[EventDate "2022.08.13"]
[EventCountry "POL"]
[SourceTitle "playchess.com"]
[Source "ChessBase"]
[SourceQuality "1"]
[TimeControl "40/5400+30:1800+30"]

1. d4 f5 2. Nc3 Nf6 3. Bg5 e6 4. f3 Be7 5. Nh3 d5 6. Qd2 c6 7. O-O-O b5 8. e4 a5 9. exf5 exf5 10. Bxf6 Bxf6 11. Re1+ Kf7 12. Kb1 Na6 13. Rg1 Nc7 14. g4 g6 15. gxf5 Bxf5 16. Ng5+ Bxg5 17. Rxg5 Ne6 18. Rg2 Qf6 19. Ne2 Rhe8 20. Rd1 Reb8 21. Ng3 Nf4 22. Nxf5 Qxf5 23. Bd3 Nxd3 24. Qxd3 Qxd3 25. Rxd3 Re8 26. Kc1 Re1+ 27. Kd2 Rae8 28. Rc3 R1e6 29. a3 Kf6 30. Rd3 Kf5 31. Rc3 g5 32. Rd3 h5 33. h3 Kf4 34. Rc3 R8e7 1/2-1/2

[Event "58th Akiba Rubinstein D 2022"]
[Site "Polanica-Zdroj"]
[Date "2022.08.14"]
[Round "2.7"]
[White "Bem, Tymoteusz"]
[Black "Sleczka, Krzysztof"]
[Result "1/2-1/2"]
[ECO "D52"]
[WhiteElo "1679"]
[BlackElo "1443"]
[Annotator "NA RC"]
[PlyCount "183"]
[EventDate "2022.08.13"]
[EventCountry "POL"]
[SourceTitle "playchess.com"]
[Source "ChessBase"]
[SourceQuality "1"]
[TimeControl "40/5400+30:1800+30"]

1. d4 d5 2. c4 e6 3. Nc3 Nf6 4. Nf3 c6 5. Bg5 Nbd7 6. e3 Qa5 7. Nd2 dxc4 8. Bxf6 Nxf6 9. Nxc4 Qc7 10. Bd3 Be7 11. Qc2 O-O 12. h3 c5 13. O-O Rd8 14. Rfd1 a6 15. dxc5 Bxc5 16. Ne4 Nxe4 17. Bxe4 g6 18. Rxd8+ Qxd8 19. Rd1 Qe7 20. Qd3 Rb8 21. a3 Kg7 22. b4 Ba7 23. Nd6 Bd7 24. Qc3+ Qf6 25. Qxf6+ Kxf6 26. Bxb7 Bb5 27. Bf3 Ba4 28. Rc1 Rd8 29. Ne4+ Kg7 30. Rc7 Bb8 31. Rc5 Rd3 32. Nc3 Bb3 33. Be2 Rd6 34. Ne4 Rd7 35. Rc3 Ba2 36. f4 e5 37. g3 f5 38. Nc5 Rd2 39. Kf1 exf4 40. gxf4 a5 41. bxa5 Ba7 42. a6 Bd5 43. Ne4 Bxe4 44. Rc7+ Kf6 45. Rxa7 Ra2 46. Bc4 Ra1+ 47. Kf2 g5 48. fxg5+ Kxg5 49. Rg7+ Kf6 50. Rxh7 Rxa3 51. h4 Kg6 52. Rh8 Kg7 53. Rg8+ Kh7 54. Rg5 Kh6 55. Ke2 Rc3 56. Bf7 Rc2+ 57. Kd1 Rc6 58. a7 Ra6 59. Rh5+ Kg7 60. Bc4 Rxa7 61. Kd2 Ra3 62. Rg5+ Kf6 63. Rg8 Ra1 64. h5 Rh1 65. Rg6+ Ke7 66. h6 Rh3 67. Bg8 Kf8 68. h7 Rh4 69. Kc3 Bb1 70. Rg1 Be4 71. Kd4 Bc2+ 72. Ke5 Rh6 73. Rg6 Rh4 74. Kf6 f4 75. Rg4 Rh6+ 76. Kg5 Rg6+ 77. Kxf4 Rxg4+ 78. Kxg4 Kg7 79. Kf4 Bb1 80. Ke5 Bc2 81. Be6 Bd1 82. Bf5 Bf3 83. Be4 Be2 84. Kf4 Bc4 85. Bc2 Bd5 86. Ke5 Bb7 87. Be4 Ba6 88. Kd4 Be2 89. Bg2 Kxh7 90. e4 Kg7 91. e5 Kf7 92. Ke4 1/2-1/2

[Event "58th Akiba Rubinstein D 2022"]
[Site "Polanica-Zdroj"]
[Date "2022.08.14"]
[Round "2.8"]
[White "Kraczek, Cezary"]
[Black "Jankowski, Franciszek"]
[Result "1/2-1/2"]
[ECO "B45"]
[WhiteElo "1657"]
[BlackElo "1483"]
[Annotator "NA RC"]
[PlyCount "123"]
[EventDate "2022.08.13"]
[EventCountry "POL"]
[SourceTitle "playchess.com"]
[Source "ChessBase"]
[SourceQuality "1"]
[TimeControl "40/5400+30:1800+30"]

1. e4 c5 2. Nf3 e6 3. d4 cxd4 4. Nxd4 Nf6 5. Nc3 Nc6 6. Ndb5 Bb4 7. Nd6+ Ke7 8. Nxc8+ Rxc8 9. Bd3 Re8 10. O-O Kf8 11. Bf4 Kg8 12. e5 Bxc3 13. bxc3 Nd5 14. Bg3 Nxc3 15. Bxh7+ Kxh7 16. Qd3+ Kg8 17. Qxc3 Ne7 18. Qb3 Qc7 19. Rfd1 Nd5 20. Rac1 Nc3 21. Rd2 Qc4 22. Kh1 Qxb3 23. axb3 Rc7 24. f3 Rec8 25. Ra1 a6 26. h3 Kf8 27. Kh2 Ke8 28. Bf2 Rc6 29. Bd4 Ke7 30. Re1 Nb5 31. c4 Nxd4 32. Rxd4 Rb6 33. Re3 Rb4 34. Red3 Rc7 35. Rg4 g6 36. Rgd4 b5 37. Rd6 bxc4 38. bxc4 Rbxc4 39. Rxa6 R4c6 40. Ra4 d6 41. exd6+ Rxd6 42. Rxd6 Kxd6 43. Ra8 Ke5 44. Kg3 Rc4 45. Rf8 Kf6 46. h4 Ra4 47. Rb8 Rc4 48. Rb5 e5 49. Rb7 Ra4 50. Rb6+ Kf5 51. Rb7 Kf6 52. Rc7 Rb4 53. Kh3 Rb3 54. Kg4 Rb4+ 55. Kg3 Ra4 56. Rc8 Rb4 57. Rh8 Kg7 58. Re8 Kf6 59. Ra8 Rc4 60. Ra6+ Kf5 61. Ra7 Kf6 62. Ra5 1/2-1/2

[Event "58th Akiba Rubinstein D 2022"]
[Site "Polanica-Zdroj"]
[Date "2022.08.14"]
[Round "2.9"]
[White "Urbanski, Wojciech"]
[Black "Mazus, Jakub"]
[Result "1-0"]
[ECO "C65"]
[WhiteElo "1632"]
[BlackElo "1241"]
[Annotator "NA RC"]
[PlyCount "67"]
[EventDate "2022.08.13"]
[EventCountry "POL"]
[SourceTitle "playchess.com"]
[Source "ChessBase"]
[SourceQuality "1"]
[TimeControl "40/5400+30:1800+30"]

1. e4 e5 2. Nf3 Nc6 3. Bb5 Nf6 4. d3 Bc5 5. O-O d6 6. c3 a6 7. Ba4 Bg4 8. Nbd2 Qb8 9. b4 Bb6 10. Bb3 O-O 11. Nc4 Ba7 12. Bg5 Nd7 13. Ne3 Be6 14. Nd5 Nd8 15. d4 f6 16. Be3 Re8 17. c4 exd4 18. Bxd4 Bxd4 19. Nxd4 Ne5 20. Nxe6 Nxe6 21. f4 Nc6 22. c5 Ned4 23. Nxf6+ Kh8 24. Nxe8 Qxe8 25. Bd5 dxc5 26. bxc5 Rd8 27. Rb1 Nb5 28. Qg4 Na5 29. Rf3 c6 30. Rg3 g6 31. Be6 Nd4 32. f5 h5 33. Qxg6 Ne2+ 34. Kf2 1-0

[Event "58th Akiba Rubinstein D 2022"]
[Site "Polanica-Zdroj"]
[Date "2022.08.14"]
[Round "2.10"]
[White "Wilgosz, Tomasz"]
[Black "Wziatek, Marek"]
[Result "1-0"]
[ECO "B30"]
[WhiteElo "1513"]
[BlackElo "1617"]
[Annotator "NA RC"]
[PlyCount "97"]
[EventDate "2022.08.13"]
[EventCountry "POL"]
[SourceTitle "playchess.com"]
[Source "ChessBase"]
[SourceQuality "1"]
[TimeControl "40/5400+30:1800+30"]

1. e4 c5 2. Nf3 Nc6 3. c3 d5 4. exd5 Qxd5 5. d4 Bg4 6. Be2 e6 7. Be3 cxd4 8. cxd4 Qa5+ 9. Nc3 Nf6 10. O-O Bb4 11. Qb3 O-O 12. a3 Bxc3 13. bxc3 Qd5 14. c4 Qd7 15. Rfd1 Bxf3 16. Bxf3 Rac8 17. Rac1 Na5 18. Qb4 Qc7 19. d5 b6 20. d6 Qd7 21. c5 Nd5 22. Bxd5 exd5 23. Rxd5 Nb7 24. cxb6 Rxc1+ 25. Bxc1 Rc8 26. Be3 Qc6 27. Rd1 axb6 28. Qxb6 Qxb6 29. Bxb6 Nxd6 30. a4 Nc4 31. Rd8+ Rxd8 32. Bxd8 Kf8 33. f4 Ke8 34. Bh4 Kd7 35. Be1 Kc6 36. Kf2 f5 37. Bc3 g6 38. Ke2 Nb6 39. a5 Nd5 40. Bd2 Nc7 41. Kf3 Kb5 42. g4 Ne6 43. gxf5 gxf5 44. Be1 Nc5 45. Kg3 Nd3 46. Bd2 Nc5 47. Kh4 Ne4 48. Be1 Nc5 49. Kg5 1-0

[Event "58th Akiba Rubinstein D 2022"]
[Site "Polanica-Zdroj"]
[Date "2022.08.14"]
[Round "2.11"]
[White "Marek, Grzegorz"]
[Black "Milczarek, Robert"]
[Result "1/2-1/2"]
[ECO "A01"]
[WhiteElo "1478"]
[BlackElo "1653"]
[Annotator "NA RC"]
[PlyCount "32"]
[EventDate "2022.08.13"]
[EventCountry "POL"]
[SourceTitle "playchess.com"]
[Source "ChessBase"]
[SourceQuality "1"]
[TimeControl "40/5400+30:1800+30"]

1. b3 e5 2. Bb2 Nc6 3. e3 g6 4. d4 exd4 5. exd4 Bg7 6. Nf3 Nge7 7. Be2 O-O 8. O-O d5 9. Re1 Bg4 10. h3 Be6 11. Nbd2 Nf5 12. c3 Nd6 13. Qc2 Qd7 14. Ba3 Rfe8 15. Bd3 h6 16. Re3 Bf5 1/2-1/2

[Event "58th Akiba Rubinstein D 2022"]
[Site "Polanica-Zdroj"]
[Date "2022.08.14"]
[Round "2.12"]
[White "Jasiulewicz, Dawid"]
[Black "Olszewska, Wiktoria"]
[Result "1-0"]
[ECO "E92"]
[WhiteElo "1525"]
[BlackElo "1232"]
[Annotator "NA RC"]
[PlyCount "77"]
[EventDate "2022.08.13"]
[EventCountry "POL"]
[SourceTitle "playchess.com"]
[Source "ChessBase"]
[SourceQuality "1"]
[TimeControl "40/5400+30:1800+30"]

1. d4 Nf6 2. Nf3 g6 3. c4 Bg7 4. Nc3 O-O 5. e4 d6 6. Be2 e5 7. Be3 Nc6 8. d5 Ne7 9. Nd2 Ne8 10. c5 f5 11. f3 f4 12. Bf2 Nf6 13. Nc4 g5 14. cxd6 cxd6 15. Nb5 Ne8 16. Bxa7 Rf6 17. Bb6 Qd7 18. Qb3 Ng6 19. Bf2 Qd8 20. Nb6 Rb8 21. Rc1 Bd7 22. Qc3 Rf7 23. Nc7 Nxc7 24. Qxc7 Qxc7 25. Rc3 Qc6 26. Rxc6 Be8 27. Rc3 Bf6 28. Kd2 Bd8 29. Rhc1 Ne7 30. b3 Kg7 31. a4 h5 32. a5 Kh6 33. b4 Rg7 34. Nc8 Rg6 35. Nxe7 Bxe7 36. Rc8 Rxc8 37. Rxc8 Ba4 38. Rc7 Rg7 39. Rxb7 1-0

[Event "58th Akiba Rubinstein D 2022"]
[Site "Polanica-Zdroj"]
[Date "2022.08.14"]
[Round "2.13"]
[White "Bartosik, Dawid"]
[Black "Krygiel, Konrad"]
[Result "1/2-1/2"]
[ECO "C55"]
[WhiteElo "1443"]
[BlackElo "1603"]
[Annotator "NA RC"]
[PlyCount "43"]
[EventDate "2022.08.13"]
[EventCountry "POL"]
[SourceTitle "playchess.com"]
[Source "ChessBase"]
[SourceQuality "1"]
[TimeControl "40/5400+30:1800+30"]

1. e4 e5 2. Nf3 Nc6 3. d4 exd4 4. Bc4 Nf6 5. e5 d5 6. Bb5 Ne4 7. Nxd4 Bc5 8. Be3 O-O 9. Nxc6 bxc6 10. Bxc5 Nxc5 11. Bxc6 Rb8 12. O-O Rxb2 13. Na3 Qe7 14. Qc1 Qxe5 15. Bxd5 Qc3 16. Bb3 Nxb3 17. axb3 Bf5 18. Nb5 Qxc2 19. Qxc2 Bxc2 20. Nxc7 Bxb3 21. Rxa7 Bc4 22. Rc1 1/2-1/2

[Event "58th Akiba Rubinstein D 2022"]
[Site "Polanica-Zdroj"]
[Date "2022.08.14"]
[Round "2.14"]
[White "Balcerzak, Robert"]
[Black "Wilgosz, Jan"]
[Result "0-1"]
[ECO "C44"]
[WhiteElo "1357"]
[BlackElo "1597"]
[Annotator "NA RC"]
[PlyCount "56"]
[EventDate "2022.08.13"]
[EventCountry "POL"]
[SourceTitle "playchess.com"]
[Source "ChessBase"]
[SourceQuality "1"]
[TimeControl "40/5400+30:1800+30"]

1. e4 e5 2. d4 exd4 3. Nf3 Nc6 4. c3 Nge7 5. cxd4 d5 6. e5 Bg4 7. Nbd2 Nf5 8. h3 Bxf3 9. Nxf3 Bb4+ 10. Bd2 Bxd2+ 11. Qxd2 Nh4 12. Nxh4 Qxh4 13. Bb5 Qe4+ 14. Kf1 O-O 15. Bxc6 bxc6 16. Re1 Qg6 17. Rc1 Rab8 18. Qc2 Qh5 19. b3 Rb6 20. Qc3 Qf5 21. Qf3 Qe6 22. Qg4 Qe7 23. Rc5 f6 24. Qh4 Qe8 25. f4 fxe5 26. dxe5 Qxe5 27. Qe1 Rxf4+ 28. Kg1 Qxe1+ 0-1

[Event "58th Akiba Rubinstein D 2022"]
[Site "Polanica-Zdroj"]
[Date "2022.08.14"]
[Round "2.15"]
[White "Wolska, Marta"]
[Black "Pelczarski, Wojciech"]
[Result "1-0"]
[ECO "D43"]
[WhiteElo "1588"]
[BlackElo "1155"]
[Annotator "NA RC"]
[PlyCount "75"]
[EventDate "2022.08.13"]
[EventCountry "POL"]
[SourceTitle "playchess.com"]
[Source "ChessBase"]
[SourceQuality "1"]
[TimeControl "40/5400+30:1800+30"]

1. d4 d5 2. c4 e6 3. Nc3 Nf6 4. Nf3 c6 5. g3 Nbd7 6. Bg2 Be7 7. O-O O-O 8. Nd2 h6 9. Qc2 Nb6 10. b3 dxc4 11. Rd1 cxb3 12. Nxb3 Nbd5 13. e4 Nxc3 14. Qxc3 Bd7 15. Rb1 Rc8 16. Nc5 b6 17. Nb3 c5 18. dxc5 Bxc5 19. Nxc5 Rxc5 20. Qe1 Ra5 21. Rb2 Qe7 22. Bd2 Ra4 23. Bb4 Qe8 24. Bxf8 Qxf8 25. Rbd2 Qb4 26. Qe3 Bc6 27. Rd4 Qb2 28. Rxa4 Bxa4 29. Qd4 Qe2 30. Qxa4 Ng4 31. Rf1 a5 32. Qe8+ Kh7 33. Qxf7 Nf6 34. Qxe6 b5 35. Qf5+ Kg8 36. e5 Nh5 37. Bd5+ Kh8 38. Rc1 1-0

[Event "58th Akiba Rubinstein D 2022"]
[Site "Polanica-Zdroj"]
[Date "2022.08.14"]
[Round "2.19"]
[White "Dysko, Michal"]
[Black "Meizlin, Yaacov"]
[Result "0-1"]
[ECO "D08"]
[WhiteElo "1376"]
[BlackElo "1938"]
[Annotator "TA"]
[PlyCount "26"]
[EventDate "2022.08.13"]
[EventCountry "POL"]
[SourceTitle "playchess.com"]
[Source "ChessBase"]
[SourceQuality "1"]
[TimeControl "40/5400+30:1800+30"]

1. d4 d5 2. c4 e5 3. dxe5 d4 4. e3 Bb4+ 5. Bd2 dxe3 $1 {[%emt 0:02:55][%mdl 64] Pin} 6. Qa4+ {[%emt 0:07:21] [#] D08: Albin Counter Gambit.} ({Avoid the trap} 6. Bxb4 $2 exf2+ 7. Ke2 fxg1=N+ 8. Ke1 Qh4+ 9. Kd2 Nc6 $19) (6. fxe3 $11 {keeps the balance.} Qh4+ 7. g3) 6... Nc6 $1 $17 {[%emt 0:05:16] Black is more active.} 7. Bxb4 {[%emt 0:02:04] And now Bc5 would win.} exf2+ 8. Kxf2 {[%emt 0:00:23] aiming for Nf3. Black is clearly better.} Qh4+ 9. Ke3 $4 (9. g3 $17 Qd4+ 10. Ke1 Qe4+ 11. Kf2 Qxh1 12. h3) 9... Qd4+ $19 10. Kf3 Bg4+ 11. Kg3 Nh6 {[%emt 0:00:31][%cal Rh6f5] [#]} 12. h3 $146 ({Predecessor:} 12. Bd3 Qxd3+ 13. Nf3 Bxf3 14. gxf3 Nf5+ 15. Kf2 Qe3+ {0-1 (15) Brown,R (1761)-Moore,H (2205) Victoria 2017}) 12... Nf5+ 13. Kh2 Qf4+ {[%emt 0:00:02] White got outplayed after the opening.  Weighted Error Value: White=3.12/Black=0.00 (flawless)} 0-1